 Dungeon Crawl Stone Soup version 0.26-a0-778-g3fe0686644 (webtiles) character file.

Game seed: 2959860909036494418

145 marklar909 the Slasher (level 5, -5/44 HPs)
             Began as a Draconian Warper on Nov 10, 2020.
             Killed from afar by an orc wizard (8 damage)
             ... with a magic dart
             ... on level 2 of the Dungeon.
             The game lasted 00:05:33 (3603 turns).

marklar909 the Slasher (Draconian Warper)           Turns: 3603, Time: 00:05:33

Health: -5/44      AC:  8    Str: 15    XL:     5   Next: 6%
Magic:  0/8        EV: 13    Int: 13    God:
Gold:   109        SH:  0    Dex: 10    Spells: 0/8 levels left

rFire    . . .     SeeInvis .   a - +1 falchion
rCold    . . .     Faith    .   (no shield)
rNeg     . . .     Spirit   .   (armour unavailable)
rPois    .         Reflect  .   (helmet restricted)
rElec    .         Harm     .   f - +2 cloak
rCorr    .         Rampage  .   (no gloves)
MR       .....                  (no boots)
Stlth    +.........             (no amulet)
HPRegen  0.14/turn              (no ring)
MPRegen  0.11/turn              (no ring)

@: about to teleport, very slightly contaminated
A: unfitting armour, cold-blooded, AC +5
a: no special abilities


You were on level 2 of the Dungeon.
You visited 1 branch of the dungeon, and saw 3 of its levels.

You collected 109 gold pieces.

Inventory:

Hand Weapons
 a - a +1 falchion (weapon)
Missiles
 d - 2 boomerangs of dispersal (quivered)
 h - 8 boomerangs
Armour
 f - a +2 cloak (worn)
Scrolls
 b - 2 scrolls of magic mapping
 g - a scroll of noise {unknown}
 i - a scroll of identify
 j - a scroll of amnesia {unknown}
Potions
 k - a potion of degeneration


   Skills:
 + Level 2.9 Fighting
 + Level 3.8 Long Blades
 + Level 0.9 Throwing
 + Level 3.1 Dodging
 + Level 0.4 Stealth
 + Level 2.2 Spellcasting
 + Level 3.0 Translocations


You couldn't memorise any spells.
You knew the following spells:

 Your Spells              Type           Power        Failure   Level
a - Blink                 Tloc           N/A          11%         2
b - Lesser Beckoning      Tloc           #.........   22%         3
c - Teleport Other        Tloc           #.......     22%         3

Your spell library contained the following spells:

 Spells                   Type           Power        Failure   Level
 Gell's Gravitas          Tloc           #.........   22%         3
 Passage of Golubria      Tloc           N/A          56%         4


Dungeon Overview and Level Annotations

Branches:
Dungeon (3/15)

Altars:

Annotations:
D:2 1 runed translucent door, Crazy Yiuf


Innate Abilities, Weirdness & Mutations

Your plain brown scales are hard. (AC +5)
You cannot fit into any form of body armour.
You are cold-blooded and may be slowed by cold attacks.


Message History

You feel aware of your surroundings.
It was a scroll of magic mapping.
Something hits you but does no damage.
As you read the scroll labeled ECIN FAMOE, it crumbles to dust.
It is a scroll of identify.
k - a potion of degeneration Something hits you.
* * * LOW HITPOINT WARNING * * *
Something hits you but does no damage.
As you read the scroll labeled RESOMO WOQI, it crumbles to dust.
It is a scroll of enchant weapon.
Your +0 falchion glows red for a moment.
You hear some strange, mumbled words.
A puff of flame appears from out of thin air!
The puff of flame misses you.
As you read the scroll labeled PUWUONG TUSY, it crumbles to dust.
You feel strangely unstable.
It was a scroll of teleportation.
You hear some strange, mumbled words.
A magic dart appears from out of thin air!
The magic dart hits you!
You die...

#..##.########## #..##.# #
#..##.# # #.)##.# ####
######'.##.#######...
#........♣.♣.........
#..........#.........
########.)......♣.♣.♣.......
#......)>){@.[..............
########)####.##♣.♣.♣.......
#.####.# #.#.........
#....#.##♣.♣.........
#####.##.#.##..#......##.
#..............'.........
#.....##.#.#####......###
#.....##'#'############ #
#.....#.........#########


There were no monsters in sight!

Vanquished Creatures
  Terence (D:2)
  Natasha (D:2)
  Robin (D:3)
  An adder (D:2)
  A worm (D:2)
  4 dart slugs
  2 leopard geckos (D:2)
  5 giant cockroaches (D:1)
  13 hobgoblins
  7 bats
  2 frilled lizards (D:1)
  10 goblins
  2 kobolds
  13 rats
63 creatures vanquished.

Vanquished Creatures (others)
  2 plants (D:2)
2 creatures vanquished.

Grand Total: 65 creatures vanquished

Notes
Turn   | Place    | Note
-------+----------+-------------------------------------------
     0 | D:1      | marklar909 the Draconian Warper began the quest for the
                  | Orb.
     0 | D:1      | Reached XP level 1. HP: 17/17 MP: 3/3
    66 | D:1      | Reached XP level 2. HP: 23/24 MP: 5/5
   527 | D:1      | Learned a level 2 spell: Blink
   936 | D:2      | Reached XP level 3. HP: 26/30 MP: 6/6
  1138 | D:2      | Learned a level 3 spell: Lesser Beckoning
  1231 | D:2      | Noticed Natasha
  1490 | D:2      | Killed Natasha
  1618 | D:2      | Noticed Terence
  1646 | D:2      | Killed Terence
  1646 | D:2      | Reached XP level 4. HP: 17/37 MP: 7/7
  1897 | D:2      | Found a runed translucent door.
  1898 | D:2      | Noticed Crazy Yiuf
  2708 | D:3      | Noticed Robin
  3547 | D:3      | Killed Robin
  3547 | D:3      | Reached XP level 5. HP: 44/44 MP: 8/8
  3564 | D:3      | Learned a level 3 spell: Teleport Other
  3603 | D:2      | Killed from afar by an orc wizard

Illustrated notes

Levels and vault maps discovered:
D:1:      lemuel_arrival_broad_hall, layout_loops_ring
D:2:      layout_basic, serial_forest, infiniplex_forest_clump_small,
          infiniplex_forest_join, infiniplex_forest_end_1,
          infiniplex_forest_corner_1, infiniplex_forest_lined_3_way,
          infiniplex_forest_lined_room_, infiniplex_forest_lined_room_2,
          infiniplex_forest_straight_5, uniq_crazy_yiuf_cottage, uniq_terence,
          uniq_natasha
D:3:      wander_river, layout_basic, lemuel_coloured_pillars_altar,
          marbit_many_paths, st_stairs_11, uniq_robin

Skill      XL: |  1  2  3  4 |
---------------+-------------+-----
Long Blades    | 3 |  3.8
Dodging        | 3 |  3.1
Fighting       | |  2.9
Throwing       | |  0.9
Stealth        | |  0.4
Spellcasting   | |  2.2
Translocations | |  3.0

Action                   |  1- 3 |  4- 6 || total
-------------------------+-------+-------++-------
Melee: Falchion          |   135 |   108 ||   243
       Tailslap          |    11 |    10 ||    21
Throw: Boomerang         |       |     3 ||     3
 Cast: Blink             |     3 |     3 ||     6
       Teleport Other    |       |     1 ||     1
  Use: Scroll            |     1 |     4 ||     5
Armor: Skin              |    39 |    60 ||    99
Dodge: Dodged            |    66 |    90 ||   156
       Rpst.: Falchion   |    20 |    28 ||    48

Table legend: (Time is in decaauts)
 A = Elapsed time spent in this place.
 B = Non-inter-level travel time spent in this place.
 C = Inter-level travel time spent in this place.
 D = Time resting spent in this place.
 E = Time spent auto-exploring this place.
 F = Levels seen in this place.
 G = Mean time per level.
                   A        B        C        D        E       F      G
               +--------+--------+--------+--------+--------+-----+--------+
         Total |   3659 |   3596 |     63 |    976 |   2069 |   3 | 1219.7 |
       Dungeon |   3659 |   3596 |     63 |    976 |   2069 |   3 | 1219.7 |
               +--------+--------+--------+--------+--------+-----+--------+

Top non-repeatable levels by time:
     D:2: 2349 daAuts
     D:1: 1183 daAuts
     D:3: 127 daAuts
